 Dungeon Crawl Stone Soup version 0.28-a0-265-g048bc9fd10 (webtiles) character file.

Game seed: 11005357588908602003

333 rogsnak the Magician (level 6, 0/41 HPs)
             Began as a Djinni Fire Elementalist on Aug 28, 2021.
             Slain by SkeletonJelly's ghost (7 damage)
             ... on level 2 of the Dungeon.
             The game lasted 00:09:45 (4920 turns).

rogsnak the Magician (Djinni Fire Elementalist)     Turns: 4920, Time: 00:09:46

Health: 0/41       AC:  3    Str:  7    XL:     6   Next: 82%
Gold:   186        EV: 13    Int: 19    God:
                   SH:  0    Dex: 19

rFire   + + +      SeeInvis .   x - +3 mace (holy)
rCold   x . .      Faith    .   (no shield)
rNeg    . . .      Spirit   .   a - +0 robe
rPois   ∞          Reflect  .   (no helmet)
rElec   .          Harm     .   g - +0 cloak
rCorr   .          Rampage  .   (no gloves)
Will    .....                   (boots unavailable)
Stlth   ++........              (no amulet)
HPRegen 0.13/turn               j - +6 ring of dexterity
MPRegen 0.00/turn               o - ring of protection from fire

@: flying
A: sickness immunity, fire resistance 2, cold vulnerability 1, float, innate
caster, hp casting, extra vitality 1
a: no special abilities


You were on level 2 of the Dungeon.
You visited 1 branch of the dungeon, and saw 4 of its levels.

You collected 186 gold pieces.

Inventory:

Hand Weapons
 e - a +0 short sword
 m - a +0 trident
 p - a +1 dagger of draining
 u - a +2 whip of venom
 v - a +0 whip of electrocution
 x - a +3 mace of holy wrath (weapon)
Missiles
 b - 76 stones
 l - 17 poisoned darts
 s - 61 arrows
Armour
 a - a +0 robe (worn)
 g - a +0 cloak (worn)
 q - a +0 buckler
Jewellery
 j - a +6 ring of dexterity (left hand)
 o - a ring of protection from fire (right hand)
 t - an amulet of reflection
Scrolls
 c - a scroll of fear {unknown}
 h - a scroll of enchant armour {unknown}
 n - 5 scrolls of identify {unknown}
 r - a scroll of enchant weapon {unknown}
 w - a scroll of magic mapping {unknown}
Potions
 d - a potion of brilliance {unknown}
 f - 2 potions of degeneration {unknown}
 i - a potion of cancellation {unknown}
 k - a potion of curing


   Skills:
 + Level 0.8 Fighting
 + Level 3.1 Dodging
 - Level 1.6 Stealth
 + Level 5.1 Spellcasting


You couldn't memorise any spells.
You knew the following spells:

 Your Spells              Type           Power      Damage    Failure   Level
a - Foxfire               Conj/Fire      96%        2x1d8     1%          1
b - Conjure Flame         Conj/Fire      24%        6-21      4%          3
c - Inner Flame           Hex/Fire       24%        N/A       4%          3
d - Sticky Flame          Conj/Fire      24%        2d5       14%         4
e - Fireball              Conj/Fire      12%        3d7       38%         5
f - Sandblast             Erth           48%        2d12      1%          1
g - Poisonous Vapours     Pois/Air       48%        N/A       2%          2
Your spell library was empty.

Dungeon Overview and Level Annotations

Branches:
Dungeon (4/15)
 Temple: D:4-7

Altars:
Wu Jian

Annotations:
D:2 SkeletonJelly's ghost, amateur MfCK
D:4 Blork the orc; Pikel


Innate Abilities, Weirdness & Mutations

You are immune to sickness and miasma.
You are immune to poison.
Your flesh is very heat resistant. (rF++)
You are vulnerable to cold. (rC-)
You float through the air rather than walking.
You learn spells naturally, not from books.
Your magical power is your life essence.
You have superior vitality. (+4 HP)


Message History

The foxfire hits SkeletonJelly's ghost but does no damage.
SkeletonJelly's ghost is lightly damaged.
The foxfire hits SkeletonJelly's ghost but does no damage.
SkeletonJelly's ghost is lightly damaged.
SkeletonJelly's ghost hits you.
Casting: Foxfire (safe; 1% risk of failure)
Confirm with . or Enter, or press ? or * to list all spells.
You conjure some foxfire!
The foxfire hits SkeletonJelly's ghost.
SkeletonJelly's ghost is lightly damaged.
The foxfire hits SkeletonJelly's ghost but does no damage.
SkeletonJelly's ghost is lightly damaged.
SkeletonJelly's ghost misses you.
Casting: Foxfire (safe; 1% risk of failure)
Confirm with . or Enter, or press ? or * to list all spells.
You conjure some foxfire!
The foxfire hits SkeletonJelly's ghost but does no damage.
SkeletonJelly's ghost is lightly damaged.
The foxfire hits SkeletonJelly's ghost.
SkeletonJelly's ghost is moderately damaged.
SkeletonJelly's ghost hits you.
Casting: Foxfire (safe; 1% risk of failure)
Confirm with . or Enter, or press ? or * to list all spells.
You conjure some foxfire!
* * * LOW HITPOINT WARNING * * *
The foxfire hits SkeletonJelly's ghost but does no damage.
SkeletonJelly's ghost is moderately damaged.
The foxfire hits SkeletonJelly's ghost.
SkeletonJelly's ghost is heavily damaged.
SkeletonJelly's ghost hits you.
* * * LOW HITPOINT WARNING * * *
Casting: Foxfire (safe; 1% risk of failure)
Confirm with . or Enter, or press ? or * to list all spells.
You conjure some foxfire!
* * * LOW HITPOINT WARNING * * *
The foxfire hits SkeletonJelly's ghost but does no damage.
SkeletonJelly's ghost is heavily damaged.
The foxfire hits SkeletonJelly's ghost.
SkeletonJelly's ghost is heavily damaged.
SkeletonJelly's ghost hits you!
You die...

#.#.........########.#
#.#.#..###.## ####.########
#.#.#..###.# #...........#
#..........# #.##..#.###.#
###.######## #.##..#.###.#
#.#############.##.....##.#
#...............###.#..##.#
#######....W.§..###.#<.##.#
#....v@§............#
#....v§..#######.####
#........# #........#
#........# #..##.#..#
#######........# #..##.#..#
#.......###.#### #..#..#..#
#.#########)#### #..#.##..#
#.# #.......# #........#
#.######.##.##.####.......#


You could see SkeletonJelly's ghost (ally target).

Vanquished Creatures
  2 lemures
  A water moccasin skeleton (D:3)
  A bullfrog zombie (D:3)
  Crazy Yiuf (D:3)
  Jessica (D:3)
  Natasha (thrice) (D:2)
  4 gnolls (D:3)
  2 adders
  A worm (D:2)
  4 dart slugs
  5 endoplasms
  3 giant cockroaches
  12 goblins
  4 hobgoblins
  3 jackals (D:2)
  A ball python (D:3)
  6 bats
  3 frilled lizards
  3 kobolds
  4 rats
64 creatures vanquished.

Vanquished Creatures (collateral kills)
  A foxfire (D:3)
1 creature vanquished.

Vanquished Creatures (others)
  An endoplasm (D:3)
  A hobgoblin (D:3)
  226 foxfires
  A plant (D:3)
229 creatures vanquished.

Grand Total: 294 creatures vanquished

Notes
Turn   | Place    | Note
-------+----------+-------------------------------------------
     0 | D:1      | rogsnak the Djinni Fire Elementalist began the quest for
                  | the Orb.
     0 | D:1      | Reached XP level 1. HP: 15/15 MP: 0/0
   417 | D:1      | Reached XP level 2. HP: 19/21 MP: 0/0
   924 | D:1      | Reached skill level 3 in Spellcasting
  1262 | D:2      | Reached XP level 3. HP: 23/25 MP: 0/0
  1262 | D:2      | Learned a level 1 spell: Sandblast
  1432 | D:2      | Noticed Natasha
  1443 | D:2      | Killed Natasha
  1837 | D:2      | Reached XP level 4. HP: 28/31 MP: 0/0
  1954 | D:2      | Noticed Natasha
  1959 | D:2      | Killed Natasha
  2172 | D:2      | Reached XP level 5. HP: 31/35 MP: 0/0
  2172 | D:2      | Learned a level 2 spell: Poisonous Vapours
  2437 | D:2      | Noticed Natasha
  2443 | D:2      | Killed Natasha
  2444 | D:2      | Reached skill level 4 in Spellcasting
  2565 | D:2      | You are sucked into a shaft and drop 2 floors!
  3120 | D:3      | Noticed Jessica
  3124 | D:3      | Killed Jessica
  3125 | D:3      | Reached XP level 6. HP: 38/41 MP: 0/0
  3129 | D:3      | Found a runed translucent gate.
  3129 | D:3      | Found a runed translucent gate.
  3129 | D:3      | Found a runed translucent gate.
  3132 | D:3      | Noticed SkeletonJelly's ghost (amateur MfCK)
  3447 | D:3      | Found an ornate altar of the Wu Jian Council.
  3516 | D:3      | Found a runed translucent door.
  3517 | D:3      | Noticed Crazy Yiuf
  3533 | D:3      | Killed Crazy Yiuf
  4031 | D:3      | Found a faded altar of an unknown god.
  4063 | D:4      | Noticed Pikel
  4228 | D:4      | Noticed Blork the orc
  4614 | D:3      | Reached skill level 5 in Spellcasting
  4920 | D:2      | Slain by SkeletonJelly's ghost

Illustrated notes

Levels and vault maps discovered:
D:1:      giann_forest_graveyard, layout_loops_corners, minmay_misc_feat_alley
D:2:      layout_loops_cross, minmay_goblin_outpost, uniq_natasha
D:3:      layout_basic, nicolae_wu_jian_immortal_techniques,
          shapermc_ecumenical_altar_hornbeckon, gammafunk_ghost_necromancy,
          serial_bayou_pond_d, lemuel_flame_loot_1, uniq_jessica,
          uniq_crazy_yiuf_cottage
D:4:      layout_loops_ring, nicolae_vehumet_radiance,
          mainiacjoe_overflow_alcove_2, zin_purify, uniq_blork_the_orc,
          uniq_pikel

Skill      XL: |  1  2  3  4  5  6 |
---------------+-------------------+-----
Spellcasting   | 3 4 5 |  5.1
Dodging        | 3 |  3.1
Fighting       | |  0.8
Stealth        | |  1.6

Action                   |  1- 3 |  4- 6 || total
-------------------------+-------+-------++-------
Melee: Short sword       |     7 |       ||     7
       Trident           |     3 |     1 ||     4
       Dagger            |       |     4 ||     4
       Whip              |       |     7 ||     7
 Cast: Foxfire           |    46 |    97 ||   143
       Poisonous Vapours |       |    10 ||    10
       Sticky Flame      |       |     9 ||     9
Armor: Robe              |     2 |     8 ||    10
Dodge: Dodged            |     8 |    39 ||    47

Table legend: (Time is in decaauts)
 A = Elapsed time spent in this place.
 B = Non-inter-level travel time spent in this place.
 C = Inter-level travel time spent in this place.
 D = Time resting spent in this place.
 E = Time spent auto-exploring this place.
 F = Levels seen in this place.
 G = Mean time per level.
                   A        B        C        D        E       F      G
               +--------+--------+--------+--------+--------+-----+--------+
         Total |   4933 |   4867 |     66 |   1127 |   2878 |   4 | 1233.2 |
       Dungeon |   4933 |   4867 |     66 |   1127 |   2878 |   4 | 1233.2 |
               +--------+--------+--------+--------+--------+-----+--------+

Top non-repeatable levels by time:
     D:3: 1788 daAuts
     D:2: 1724 daAuts
     D:1: 1221 daAuts
     D:4: 198 daAuts
